 Dungeon Crawl Stone Soup version bcrawl-1.19.2-6-g6a88ae04c9 (webtiles) character file.

Game seed: 3644934493888035141

41 Mrkan the Ruffian (level 3, -1/36 HPs)
             Began as a Troll Fighter on Jan 7, 2020.
             Slain by a gnoll
             ... wielding a +0 spear
              (4 damage)
             ... on level 2 of the Dungeon.
             The game lasted 00:01:24 (1199 turns).

Mrkan the Ruffian (Troll Fighter)                   Turns: 1199, Time: 00:01:24

Health: -1/36      AC:  5    Str: 25    XL:     3   Next: 32%
Magic:  2/2        EV:  8    Int:  5    God:
Gold:   93         SH:  0    Dex:  9    Spells: 2/2 levels left

rFire    . . .     SeeInvis .     - Unarmed
rCold    . . .     Gourm    +   a - +0 shield
rNeg     . . .     Faith    .   (armour unavailable)
rPois    .         Spirit   .   (helmet restricted)
rElec    .         Reflect  .   (no cloak)
rCorr    .         Harm     .   (gloves unavailable)
MR       .....                  (boots unavailable)
Stlth    +.........             (no amulet)
HPRegen  0.12/turn              (no ring)
MPRegen  0.08/turn              (no ring)

@: confused
A: large, almost no armour, unfitting armour, claws 3, fast metabolism 3,
gourmand, AC +5
a: no special abilities


You were on level 2 of the Dungeon.
You were full.

You visited 1 branch of the dungeon, and saw 2 of its levels.

You collected 93 gold pieces.

Inventory:

Armour
 a - a +0 shield (worn)
Scrolls
 d - 2 scrolls of enchant weapon {unknown}
 e - a scroll of identify {unknown}
 f - a scroll of magic mapping {unknown}
Potions
 b - a potion of might
 g - a potion of heal wounds {unknown}
Comestibles
 c - 5 rations {!d}


   Skills:
 + Level 2.8 Fighting
 - Level 2.4 Dodging
 - Level 2.0 Shields
 * Level 3.3 Unarmed Combat


You had 2 spell levels left.
You didn't know any spells.
Your spell library was empty.

Dungeon Overview and Level Annotations

Branches:
Dungeon (2/12)

Altars:
Gozag
Ru

Shops:
D:2 *

Annotations:
D:2 Sigmund


Innate Abilities, Weirdness & Mutations

You cannot wear most types of armour.
Your thick skin is tough. (AC +5)
You are too large for most types of armour.
You have claws for hands.
Your metabolism is lightning-fast.
You like to eat raw meat.


Message History

* * * LOW HITPOINT WARNING * * *
You block the gnoll's attack.
Sigmund points at you and mumbles some strange words.
You are confused.
The gnoll hits you but does no damage.
You bump into the stone wall.
Sigmund says, "I'm your fate."
Sigmund miscasts a cantrip.
The gnoll hits you from afar with a +0 spear.
* * * LOW HITPOINT WARNING * * *
Your shield prevents you from hitting the gnoll.
The gnoll hits you with a +0 club.
* * * LOW HITPOINT WARNING * * *
Sigmund flickers, as though insubstantial.
Sigmund barely misses you. The gnoll hits you but does no damage.
You bump into the stone wall.
The gnoll barely misses you. The gnoll hits you with a +0 club.
* * * LOW HITPOINT WARNING * * *
The gnoll hits you from afar with a +0 spear.
You die...

..###.##### #..#
.####.# #..#
....#.# ####.###
###.#.# #....#..
#.#.# #.##.#.#
#.#.. .. #.#.#
#.#.# ## #.#.# #
# #.#
#.#.#.#...# #.#
#.g@@..._.. #.#
.......#g#.#...#
#.##########.#g#
# #
#............#.#
###.)#########.#
#.....# #..
##.>.#.# ###
###.#.#..###
#..........##


You could see Sigmund and 3 gnolls.

Vanquished Creatures
  An ooze (D:1)
  A worm (D:2)
  2 dart slugs (D:1)
  4 bats (D:1)
  3 giant cockroaches (D:1)
  A goblin (D:1)
  6 hobgoblins
  3 kobolds (D:1)
  3 ball pythons (D:1)
  A frilled lizard (D:1)
  3 rats (D:1)
28 creatures vanquished.

Notes
Turn   | Place    | Note
-------+----------+-------------------------------------------
     0 | D:1      | Mrkan the Troll Fighter began the quest for the Orb.
     0 | D:1      | Reached XP level 1. HP: 22/22 MP: 0/0
   364 | D:1      | Reached XP level 2. HP: 17/29 MP: 1/1
   626 | D:1      | Reached skill level 3 in Unarmed Combat
   707 | D:1      | Reached XP level 3. HP: 36/36 MP: 2/2
  1009 | D:2      | Found Gozag's Platinum Reserve.
  1124 | D:2      | Found an opulent altar of Gozag.
  1188 | D:2      | Found a sacrificial altar of Ru.
  1188 | D:2      | Noticed Sigmund
  1199 | D:2      | Slain by a gnoll

Skill      XL: |  1  2 |
---------------+-------+-----
Unarmed Combat | 3 |  3.3
Fighting       | |  2.8
Dodging        | |  2.4
Shields        | |  2.0

Action                   || total
-------------------------++-------
Melee: Unarmed           ||    87
  Eat: Chunk             ||     9
Armor: Skin              ||    35
Dodge: Dodged            ||    25
Block: Shield            ||    38
